 Dungeon Sprint DCSS version 0.29-a0-451-gfbfa42419e (webtiles) character file.

Game seed: 14101309189855772852

25 Pelinal the Ruffian (level 2, -5/27 HPs)
             Began as a Troll Warper on May 20, 2022.
             Slain by an ogre
             ... wielding a +0 giant club
              (16 damage)
             ... in the Dungeon (Sprint I: "Red Sonja").
             The game lasted 00:00:22 (26 turns).

Pelinal the Ruffian (Troll Warper)                    Turns: 26, Time: 00:00:23

Health: -5/27      AC:  4    Str: 18    XL:     2   Next: 82%
Magic:  2/2        EV: 10    Int:  9    God:
Gold:   0          SH:  0    Dex:  9    Spells: 3/3 levels left

rFire   . . .      SeeInvis .     - Unarmed
rCold   . . .      Faith    .   (no shield)
rNeg    . . .      Spirit   .   a - +0 robe
rPois   .          Reflect  .   (helmet restricted)
rElec   .          Harm     .   (no cloak)
rCorr   .          Rampage  .   (gloves unavailable)
Will    .....      NoTele   +   (boots unavailable)
Stlth   +.........              (no amulet)
HPRegen 0.89/turn               (no ring)
MPRegen 0.08/turn               (no ring)

@: no status effects
A: large, unfitting armour, claws 3, regeneration 1, shaggy fur 1, tough skin 1
a: no special abilities


You were in the Dungeon.
You visited 1 branch

Inventory:

Missiles
 c - 7 boomerangs of dispersal (quivered)
Armour
 a - a +0 robe (worn)
Wands
 i - a wand of digging (6)
Scrolls
 b - 2 scrolls of blinking
Potions
 d - a potion of curing
 e - a potion of heal wounds
 f - a potion of haste
 g - 2 potions of magic
 h - a potion of berserk rage


   Skills:
 - Level 1.5 Fighting
 - Level 0.8 Throwing
 + Level 4.1 Dodging
 + Level 4.1 Unarmed Combat
 - Level 1.2 Spellcasting
 - Level 2.1 Translocations


You had 3 spell levels left.
You didn't know any spells.
Your spell library contained the following spells:

 Spells                   Type           Power      Damage    Failure   Level
 Blink                    Tloc           8%         N/A       22%         2
 Gell's Gravitas          Tloc           4%         N/A       41%         3
 Lesser Beckoning         Tloc           4%         N/A       41%         3
 Teleport Other           Tloc           4%         N/A       41%         3
 Manifold Assault         Tloc           4%         N/A       99%         5


Dungeon Overview and Level Annotations

Branches:
Dungeon (1/1)

Altars:


Innate Abilities, Weirdness & Mutations

You are too large for most types of armour.
You have claws for hands.
Your natural rate of healing is unusually fast.
You are covered in fur. (AC +1)
You have tough skin. (AC +1)


Message History

Ijyb hits you but does no damage.
You barely miss Ijyb.
Ijyb is heavily wounded.
Ijyb hits you but does no damage.
You barely miss Ijyb.
Ijyb is heavily wounded.
Ijyb hits you with a +0 dagger.
You scratch Ijyb.
Ijyb is severely wounded.
Ijyb hits you with a +0 dagger.
You barely miss Ijyb.
Ijyb is severely wounded.
Ijyb barely misses you.
You scratch Ijyb.
Ijyb is almost dead.
Ijyb hits you with a +0 dagger.
You barely miss Ijyb.
Ijyb is almost dead.
Ijyb hits you with a +0 dagger.
You closely miss Ijyb.
Ijyb is severely wounded.
Ijyb barely misses you.
You claw Ijyb!
You kill Ijyb!
Your Dodging skill gained 3 levels and is now at level 4!
Your Unarmed Combat skill gained 2 levels and is now at level 4!
You have reached level 2!
Unknown command.
i - a wand of digging (6)
Things that are here:
a +0 dagger; a +0 scale mail You start resting.
HP restored.
You open the door.
An ogre comes into view. It is wielding a +0 giant club.
There is an open door here.
The ogre hits you with a +0 giant club!
Ouch! That really hurt!
You barely miss the ogre. The ogre hits you with a +0 giant club!
Ouch! That really hurt!
You die...

##########
#<.#..'O.#
#..').#@.+
#...####+#
#..## #..#
#..# #⌠⌠#
####


You could see an ogre.

Vanquished Creatures
  Ijyb (D)
1 creature vanquished.

Notes
Turn   | Place    | Note
-------+----------+-------------------------------------------
     0 | D        | Pelinal the Troll Warper began the quest for the Orb.
     0 | D        | Reached XP level 1. HP: 19/19 MP: 1/1
     4 | D        | Noticed Ijyb
    18 | D        | Killed Ijyb
    19 | D        | Reached XP level 2. HP: 24/27 MP: 2/2
    24 | D        | Noticed an ogre
    26 | D        | Slain by an ogre

Illustrated notes

Levels and vault maps discovered:
D:        dungeon_sprint_1 [red_sonja_temple_1, red_sonja_temple_small_1]

Skill      XL: |  1 |
---------------+----+-----
Dodging        | 4 |  4.1
Unarmed Combat | 4 |  4.1
Fighting       | |  1.5
Throwing       | |  0.8
Spellcasting   | |  1.2
Translocations | |  2.1

Action                   || total
-------------------------++-------
Melee: Unarmed           ||    12
Armor: Robe              ||     3
Dodge: Dodged            ||     2

Table legend: (Time is in decaauts)
 A = Elapsed time spent in this place.
 B = Non-inter-level travel time spent in this place.
 C = Inter-level travel time spent in this place.
 D = Time resting spent in this place.
 E = Time spent auto-exploring this place.
 F = Levels seen in this place.
 G = Mean time per level.
                   A        B        C        D        E       F      G
               +--------+--------+--------+--------+--------+-----+--------+
         Total |     25 |     25 |      0 |      0 |      0 |   1 |   25.0 |
       Dungeon |     25 |     25 |      0 |      0 |      0 |   1 |   25.0 |
               +--------+--------+--------+--------+--------+-----+--------+

Top non-repeatable levels by time:
       D: 25 daAuts
